Map: Arctic Dream LE

Players

eXeOsiris - Winner!

  • Race: Terran Terran
  • Spawn Location: 11:00

Eric - Winner!

  • Race: Terran Terran
  • Spawn Location: 12:00

lex

  • Race: Terran Terran
  • Spawn Location: 5:00

Arduino

  • Race: Protoss Protoss
  • Spawn Location: 6:00

VOD

Have the link to the VOD?

Description

SCII Terran Game play 2023.03.07

Time

  • Played on: Feb. 17, 2023, 7:16 p.m.
  • Length: 9:00
Show
View Real Time Build Order
Export as new Build Order

eXeOsiris Terran - Winner!

Build Orders:  

Get SALT Encoding   

  12  0:01  SCV  
  13  0:13  SCV  
  14  0:25  SCV  
  14  0:26  Supply Depot  
  15  0:47  SCV  
  16  0:51  Supply Depot  
  16  0:53  Barracks  
  16  1:01  Barracks  
  16  1:17  Barracks  
  16  1:27  Refinery  
  16  1:40  Marine  
  17  1:49  Marine  
  18  1:58  Marine  
  19  2:06  Marine  
  20  2:16  Marine  
  21  2:24  Marine  
  21  2:29  Marine  
  23  2:31  Command Center  
  23  2:33  Marine  
  24  2:42  Marine, Orbital Command  
  25  2:46  Marine  
  26  3:03  Supply Depot  
  26  3:07  Engineering Bay  
  26  3:08  Barracks Tech Lab  
  26  3:09  Barracks Reactor  
  26  3:11  Marine  
  27  3:34  Missile Turret  
  27  3:39  Missile Turret  
  27  3:43  SCV  
  27  3:47  SCV  
  29  3:55  SCV  
  30  3:59  SCV  
  30  4:01  Missile Turret  
  30  4:02  Refinery  
  31  4:07  SCV  
  32  4:11  SCV  
  33  4:21  Missile Turret  
  33  4:23  SCV  
  35  4:25  Orbital Command  
  34  4:35  SCV  
  34  4:38  Marine, Barracks Reactor  
  35  4:39  Marine x2  
  35  4:44  Combat Shield  
  38  4:47  SCV  
  39  4:54  SCV  
  39  4:59  SCV  
  41  5:06  SCV  
  42  5:11  SCV  
  43  5:18  SCV  
  44  5:22  Refinery  
  44  5:23  Factory, SCV, Refinery  
  45  5:30  Factory, SCV  
  45  5:31  Reaper, Marine  
  45  5:32  Marine x2  
  45  5:33  Barracks  
  50  5:42  SCV  
  51  5:51  Marine x2  
  51  5:52  Marine  
  51  5:54  Terran Infantry Weapons Level 1  
  54  5:58  Supply Depot  
  54  6:15  Factory Tech Lab x2  
  54  6:19  Marine, SCV  
  54  6:20  Starport  
  54  6:21  Starport  
  54  6:24  Barracks Reactor  
  56  6:31  SCV  
  56  6:32  SCV  
  58  6:37  Siege Tank  
  61  6:44  SCV  
  61  6:46  Supply Depot  
  62  7:02  Starport Tech Lab x2  
  62  7:08  SCV x2, Siege Tank  
  67  7:11  Supply Depot  
  67  7:12  Command Center  
  67  7:20  SCV  
  67  7:22  Raven  
  70  7:28  Supply Depot  
  70  7:32  Medivac, SCV  
  72  7:44  SCV  
  72  7:47  Cyclone  
  72  7:50  Siege Tank  
  79  7:56  SCV  
  79  7:57  Supply Depot  
  80  7:59  Medivac  
  80  8:02  Medivac  
Show
View Real Time Build Order
Export as new Build Order

Eric Terran - Winner!

Build Orders:  

Get SALT Encoding   

  12  0:39  Command Center  
  12  0:40  SCV  
  13  0:57  SCV  
  13  0:59  Supply Depot  
  14  1:06  Refinery  
  14  1:10  Refinery  
  14  1:17  SCV  
  15  1:31  Barracks  
  15  1:49  SCV  
  16  2:07  SCV  
  17  2:17  Supply Depot  
  17  2:23  SCV  
  17  2:25  SCV  
  19  2:31  Factory  
  19  2:32  Marine  
  20  2:38  SCV  
  21  2:51  SCV  
  21  2:52  Refinery  
  21  2:56  SCV  
  23  2:58  Marine  
  24  3:09  SCV  
  24  3:12  SCV  
  26  3:21  Starport  
  26  3:30  Widow Mine  
  28  3:45  Supply Depot  
  28  3:47  Starport, SCV  
  29  3:51  SCV  
  32  4:03  Widow Mine  
  32  4:11  Fusion Core  
  32  4:14  Starport Tech Lab  
  33  4:24  SCV  
  33  4:26  SCV  
  34  4:41  Widow Mine  
  34  4:43  Starport Tech Lab  
  36  5:02  Supply Depot  
  36  5:05  Battlecruiser  
  42  5:12  Battlecruiser  
  48  5:20  SCV  
  49  5:27  SCV  
  50  5:32  SCV  
  51  5:45  SCV  
  51  5:46  Refinery  
  52  5:50  Orbital Command  
  52  5:53  Weapon Refit  
  52  5:58  SCV  
  53  6:04  Factory Tech Lab  
  53  6:05  Supply Depot  
  53  6:13  Battlecruiser  
  59  7:24  Battlecruiser  
  65  7:31  Supply Depot  
  65  7:34  Supply Depot  
  65  7:52  Battlecruiser  
Show
View Real Time Build Order
Export as new Build Order

lex Terran 

Build Orders:  

Get SALT Encoding   

  12  0:29  SCV  
  13  0:39  Supply Depot  
  13  0:41  SCV  
  14  0:52  Refinery  
  14  0:54  SCV  
  15  1:03  Engineering Bay  
  15  1:06  SCV  
  16  1:11  Supply Depot  
  16  1:17  Refinery  
  16  1:18  SCV  
  17  1:28  Barracks  
  17  1:30  SCV  
  18  1:42  SCV  
  19  1:54  SCV  
  20  2:02  Barracks  
  20  2:06  SCV  
  21  2:18  Barracks Reactor, SCV  
  22  2:29  Factory  
  22  2:34  Orbital Command  
  22  2:55  Barracks Tech Lab  
  22  2:56  Marine x2  
  24  3:03  SCV  
  25  3:14  Marine x2, Factory Tech Lab  
  25  3:16  SCV  
  28  3:26  Starport  
  28  3:31  Marine  
  28  3:32  Marine  
  28  3:33  SCV  
  31  3:50  Stimpack  
  31  3:57  Terran Infantry Armor Level 1  
  31  4:16  Starport Reactor  
  31  4:18  Supply Depot  
  31  4:30  Starport  
  31  4:35  Refinery  
  31  4:40  Marine x3, SCV, Siege Tank  
  38  4:52  SCV  
  39  5:07  Command Center  
  39  5:14  Supply Depot  
  39  5:16  Supply Depot  
  39  5:29  Concussive Shells  
  39  5:35  Marine x3  
  39  5:36  SCV  
  43  5:43  Supply Depot  
  43  5:48  SCV  
  44  5:53  Marine x2  
  46  5:57  Refinery  
  46  6:00  SCV  
  47  6:05  Supply Depot  
  47  6:11  Marine x2  
  47  6:14  Siege Tank  
  52  6:21  SCV  
  53  6:33  SCV  
  54  6:41  Starport Tech Lab  
  54  6:45  SCV  
  54  6:46  Siege Tank  
  58  6:51  Planetary Fortress  
  58  7:01  Command Center  
  58  7:06  Marine  
  58  7:07  Marine x2  
  61  7:16  Viking x3  
  61  7:18  Siege Tank  
  70  7:24  Marine  
  70  7:25  Marine x2  
  73  7:42  Marine x3  
  76  7:46  Viking  
  76  7:50  Siege Tank  
  81  8:00  Marine x3  
  78  8:14  SCV  
  78  8:17  Marine  
  78  8:18  Marine x2  
  82  8:22  Siege Tank  
  82  8:26  SCV  
  86  8:35  Marine  
  86  8:36  Marine x2  
  86  8:38  SCV  
Show
View Real Time Build Order
Export as new Build Order

Arduino Protoss 

Build Orders: Dark Templar Rush 

Get SALT Encoding   

  12  0:11  Pylon  
  12  0:21  Probe (Chrono Boost)  
  13  0:30  Probe (Chrono Boost)  
  13  0:35  Probe (Chrono Boost)  
  14  0:40  Gateway  
  15  0:47  Probe  
  16  0:58  Forge  
  16  1:08  Pylon  
  16  1:10  Probe (Chrono Boost)  
  17  1:20  Probe (Chrono Boost)  
  17  1:25  Probe (Chrono Boost)  
  18  1:30  Cybernetics Core  
  18  1:32  Assimilator  
  19  1:38  Probe  
  20  1:42  Assimilator  
  20  1:47  Pylon  
  20  1:50  Probe  
  21  2:02  Probe  
  22  2:09  Shield Battery  
  22  2:14  Probe  
  22  2:27  Warp Gate (Chrono Boost)  
  22  2:35  Nexus  
  22  2:44  Probe  
  23  2:52  Pylon  
  23  2:56  Probe  
  24  3:02  Twilight Council  
  24  3:08  Probe  
  25  3:13  Gateway  
  25  3:20  Probe  
  26  3:30  Gateway  
  26  3:32  Probe  
  27  3:34  Pylon  
  27  3:44  Probe  
  28  3:49  Dark Shrine  
  28  3:56  Robotics Facility  
  29  4:04  Probe x2 (Chrono Boost)  
  30  4:14  Probe (Chrono Boost)  
  30  4:16  Probe (Chrono Boost)  
  32  4:19  Probe (Chrono Boost)  
  32  4:20  Gateway  
  33  4:26  Gateway  
  33  4:30  Probe  
  34  4:36  Photon Cannon  
  34  4:38  Shield Battery  
  34  4:42  Photon Cannon  
  34  4:47  Warp Prism (Chrono Boost)  
  36  4:53  Probe  
  36  4:57  Probe  
  38  5:03  Assimilator  
  38  5:05  Probe  
  39  5:07  Pylon  
  39  5:10  Probe  
  40  5:14  Dark Templar  
  40  5:15  Dark Templar  
  44  5:22  Dark Templar  
  44  5:24  Dark Templar  
  48  5:32  Stalker, Protoss Ground Weapons Level 1  
  50  5:54  Assimilator  
  50  5:56  Probe (Chrono Boost)  
  41  6:05  Probe (Chrono Boost)  
  41  6:08  Immortal  
  41  6:10  Probe (Chrono Boost)  
  47  6:21  Gateway  
  47  6:22  Probe  
  47  6:24  Pylon  
  48  6:26  Pylon  
  48  6:28  Robotics Bay  
  48  6:30  Stalker  
  48  6:32  Pylon  
  49  6:34  Probe  
  49  6:35  Pylon  
  16  7:26  Probe  
  10  7:34  Probe  
  9  7:42  Probe  
  10  7:50  Probe  
  12  7:58  Probe  
  13  8:11  Probe  
  14  8:23  Probe  
Tags
 
Add a new tag
Caveats
  • Supply blocks, unpowered buildings, or Contaminate may cause inaccurate times.
  • Supply counts are checked every 10 seconds.